cohdb
Replays
Latest Replays
All Replays
Popular Replays
Top Player Replays
Match Explorer
How It Works
Community
CoH3 Stats
Reddit
Sign in to upload your games and track your stats! →
Sign in with Steam
Match 41649650
Unlisted
Match 41649650
Overview
Messages
Build Orders
End
Kettenkrad Recon Vehicle
Construct Infanterie Kompanie
Pioneer Squad
Grenadier Squad
Selects Terror Battlegroup
Grenadier Squad
Selects Heavy Gunnery
Grenadier Squad
Grenadier Squad
Construct Luftwaffe Kompanie
Flak 30 Anti-aircraft Gun Team
221 Scout Car
Pioneer Squad
221 Scout Car
Selects Defend the Fatherland
Jäger Squad
Support Elements
MG 42 Machine Gun Team
purepinoy
silentbreacher
0
0
Comments
sign in to comment!
No comments posted yet!